AoeStats
← Tchitchi d'Afflelou

Black Forest

509619293Analyzed
4v4 RM · 6d ago on Sep 27, 2026· 30m 58s· 8 players
Game mode
Random Map
Map size
Large (8 player)
Population
200
Speed
Normal
Resources
Standard
Victory
Conquest
Starting age
Dark Age
Ending age
Imperial Age
RankedLock teamsTeams togetherTeam positionsShared explorationLock speedFull tech treeHidden civsTurbo modeCheats
Victory
Defeat
1662
+7
🇨🇳 Shu · China
1499
+12
🇨🇱 Khmer · Chile
1493
+13
🇪🇸 Ethiopians · Spain
1469
+13
🇩🇪 Dravidians · Germany
1445
-12
🇫🇷 Saracens · France
1423
-11
🇺🇸 Persians · United States
1412
-11
🇦🇷 Spanish · Argentina
1409
-11
Yucatan_water_supremacy
0:41 Loom
10:44 Feudal Age
12:55 Fletching
15:10 Wheelbarrow
14:22 Double-Bit Axe
17:34 Town Watch
25:53 Castle Age
24:50 Horse Collar
26:35 Bodkin Arrow
27:50 Ballistics
27:20 Guard Tower
29:14 Bow Saw
Pelopincho
10:12 Loom
12:18 Feudal Age
16:17 Castle Age
14:47 Double-Bit Axe
14:43 Horse Collar
14:47 Fishing Lines
24:51 Heavy Plow
27:18 Wheelbarrow
26:29 Town Watch
28:22 Bow Saw
28:04 Gold Mining
28:04 Stone Mining
Kamáximo Décimo Meridio
1:07 Loom
23:14 Feudal Age
23:56 Double-Bit Axe
23:51 Horse Collar
24:08 Town Watch
25:24 Fishing Lines
31:44 Castle Age
30:30 Gold Mining
AiM | PoRRo
5:55 Loom
12:16 Feudal Age
15:18 Castle Age
14:32 Double-Bit Axe
15:43 Scale Barding Armor
21:29 Bloodlines
22:26 Gold Mining
23:01 Husbandry
23:17 Devotion
29:26 Horse Collar
Enter a Name
6:15 Loom
11:42 Feudal Age
15:21 Castle Age
13:14 Double-Bit Axe
14:51 Horse Collar
15:44 Scale Barding Armor
22:40 Wheelbarrow
22:26 Forging
25:59 Hand Cart
29:59 Imperial Age
28:31 Chain Barding Armor
Triari
1:03 Loom
12:50 Feudal Age
17:39 Castle Age
21:18 Fletching
Tchitchi d'Afflelou
5:29 Loom
Blas de lezo
7:33 Loom
11:11 Feudal Age
15:16 Castle Age
13:13 Double-Bit Axe
16:26 Bow Saw
19:41 Gold Mining
21:20 Bloodlines
21:54 Sanctity
21:48 Fervor
28:36 Inquisition
29:25 Wheelbarrow
30:16 Stone Mining
Connection lost

Rejoining the realm…

Still unreachable

The connection could not be restored.

Session expired

The server has moved on; the page needs a fresh start.